 Dungeon Crawl Stone Soup version 0.32-a0-7-ge934b4519a (webtiles) character file.

Game seed: 12656376943643473049

94609 ragingrage the Impassioned (level 15, -2/120 HPs)
             Began as a Demonspawn Reaver on Jan 13, 2024.
             Was a High Priest of Uskayaw.
             Killed by the raging water
             ... invoked by a water nymph
              (18 damage)
             ... on level 1 of the Shoals.
             The game lasted 00:40:15 (29857 turns).

ragingrage the Impassioned (Demonspawn Reaver)     Turns: 29857, Time: 00:40:16

Health: -2/120     AC: 37    Str: 14    XL:     15   Next: 64%
Magic:  28/28      EV: 17    Int: 14    God:    Uskayaw [*****.]
Gold:   1414       SH:  0    Dex: 21    Spells: 9/18 levels left

rFire   . . .        b - +0 short sword (elec)
rCold   . . .        (no shield)
rNeg    . . .        L - +8 chain mail "Xiory" {Str+2 Slay+2}
rPois   .            y - +2 helmet {SInv}
rElec   .            (no cloak)
rCorr   .            w - +2 pair of gloves
SInv    +            (no boots)
Will    .....        H - amulet of faith
Stlth   +            e - +4 ring of slaying
HPRegen 0.40/turn    X - +5 ring of evasion
MPRegen 0.21/turn

%: faith
@: mighty, lit by a corona, weak-willed, sanguine armoured, mesmerised, glowing,
studying Hexes, very slow
A: powered by pain 1, spiny 1, augmentation 1, sanguine armour 3, weakness
stinger 2, agile 1
a: Renounce Religion, Stomp, Line Pass, Grand Finale


You were on level 1 of the Shoals.
You worshipped Uskayaw.
Uskayaw was most pleased with you.
You visited 5 branches of the dungeon, and saw 22 of its levels.
You also visited: Ice Cave.

You collected 2710 gold pieces.
You spent 1296 gold pieces at shops.

Inventory:

Hand Weapons
 a - a +1 short sword of distortion
 b - a +0 short sword of electrocution (weapon)
 D - a +0 rapier of venom
Missiles
 g - 27 poisoned darts (quivered)
 j - 8 atropa-tipped darts
 k - 25 boomerangs
 n - 4 throwing nets
 p - 12 curare-tipped darts
Armour
 w - a +2 pair of gloves (worn)
 y - a +2 helmet of see invisible (worn)
 L - the +8 chain mail "Xiory" (worn) {Str+2 Slay+2}
   (You found it on level 12 of the Dungeon)

   Str+2:     It affects your strength (+2).
   Slay+2:    It affects your accuracy & damage with ranged weapons and melee
   (+2).
Jewellery
 e - a +4 ring of slaying (left hand)
 q - a ring of positive energy
 v - a ring of protection from cold
 G - a ring of fire
 H - an amulet of faith (around neck)
 K - a ring of flight
 X - a +5 ring of evasion (right hand)
Wands
 h - a wand of flame (44)
 E - a wand of acid (7)
 S - a wand of roots (9)
 T - a wand of polymorph (5)
 U - a wand of paralysis (4)
 Y - a wand of digging (6)
Scrolls
 c - 3 scrolls of enchant armour
 d - a scroll of vulnerability
 l - 2 scrolls of poison
 m - 3 scrolls of teleportation
 o - a scroll of torment
 s - a scroll of revelation
 t - 2 scrolls of enchant weapon
 x - 3 scrolls of amnesia
 C - a scroll of identify
 M - 4 scrolls of fog
 N - 5 scrolls of noise
 P - 3 scrolls of immolation
Potions
 f - 3 potions of lignification {unknown}
 i - a potion of brilliance {unknown}
 r - 8 potions of haste
 z - 5 potions of attraction
 A - 2 potions of berserk rage {unknown}
 B - 4 potions of resistance
 F - a potion of invisibility {unknown}
 J - 8 potions of ambrosia
 Q - 4 potions of magic {unknown}
 R - 2 potions of curing
 V - 5 potions of heal wounds
 Z - a potion of enlightenment
Miscellaneous
 u - a condenser vane


   Skills:
 - Level 12.0 Fighting
 - Level 9.7(10.0) Short Blades
 - Level 3.0(6.9) Long Blades
 - Level 6.0 Throwing
 + Level 8.6 Armour
 - Level 9.0 Dodging
 - Level 9.0 Stealth
 - Level 2.0 Spellcasting
 - Level 3.0 Conjurations
 - Level 2.0 Necromancy
 - Level 1.0 Translocations
 - Level 18.0 Invocations
 - Level 9.0 Evocations


You had 9 spell levels left.
You knew the following spells:

 Your Spells              Type           Power      Damage    Failure   Level
a - Momentum Strike       Conj/Tloc      14%        3d8       86%         2
b - Kiss of Death         Conj/Necr      32%        2d7       67%         1
c - Passwall              Erth           1%         N/A       100%        3
d - Swiftness             Air            1%         N/A       100%        3

Your spell library contained the following spells:

 Spells                   Type           Power      Damage    Failure   Level
 Shock                    Conj/Air       20%        1d4       80%         1
 Sting                    Conj/Alch      20%        1d4       80%         1
 Static Discharge         Conj/Air       10%        3-4/arc   91%         2
 Ensorcelled Hibernation  Hex/Ice        2%         N/A       98%         2
 Mercury Vapours          Alch/Air       2%         N/A       98%         2
 Hailstorm                Conj/Ice       5%         3d5       99%         3
 Airstrike                Air            0%         2d(1-17)  100%        4
 Animate Dead             Necr           7%         N/A       100%        4
 Ignite Poison            Fire/Alch      1%         N/A       100%        4
 Olgreb's Toxic Radiance  Alch           1%         N/A       100%        4
 Sticky Flame             Fire/Alch      1%         2d4       100%        4
 Summon Lightning Spire   Summ/Air       1%         N/A       100%        4
 Conjure Ball Lightning   Conj/Air       2%         3x3d6     100%        6
 Sculpt Simulacrum        Ice/Alch       0%         N/A       100%        6
 Haunt                    Necr/Summ      2%         N/A       100%        7
 Ozocubu's Refrigeration  Ice            0%         4d7       100%        7
 Discord                  Hex            0%         N/A       100%        8
 Disjunction              Tloc           2%         N/A       100%        8
 Ignition                 Fire           0%         3d3       100%        8
 Infestation              Necr           3%         N/A       100%        8
 Polar Vortex             Ice            0%         N/A       100%        9


Dungeon Overview and Level Annotations

Branches:
Dungeon (13/15)            Temple (1/1) D:6            Lair (5/5) D:9
 Shoals (1/4) Lair:3        Snake (0/4) Lair:3        Slime (0/5) Lair:4
    Orc (2/2) D:11            Elf (0/3) Orc:2         IceCv (visited)
 Vaults: D:13-14

Altars:
Ashenzari
Cheibriados
Dithmenos
Fedhas
Gozag
Hepliaklqana
Kikubaaqudgha
Makhleb
Nemelex Xobeh
Okawaru
Qazlal
Ru
Sif Muna
Trog
Uskayaw
Vehumet
Wu Jian
Xom
Yredelemnul
Jiyva

Shops:
D:5 [   D:11 *[   Orc:2 !*[

Portals:
Pandemonium: Orc:2

Annotations:
D:6 Edmund
D:7 3 runed translucent doors, Uzeprotekshun's ghost, novice GrEE; lucidstorm14's ghost, novice MiBe
D:12 exclusion: 2 downstairs
D:13 Erolcha; Rupert
Lair:5 1 runed translucent door, dcgrp's ghost, journeyman DrCj


Innate Abilities, Weirdness & Mutations

You sometimes gain a little power by taking damage.
You are partially covered in sharp spines.
Your magical and physical power is slightly enhanced at high health.
When seriously injured, your blood forms very thick armour. (AC +12)
You have a tail ending in a sharp stinger.
You are agile. (Dex +4, Str/Int -1)


Message History

Splash!
The faun is no longer sharing its pain.
The centaur shoots an arrow.
The arrow barely misses you.
The faun unwields a +0 spear.
The faun wields a +0 sling.
The faun shoots a sling bullet.
The sling bullet closely misses you.
The faun shoots a sling bullet.
The sling bullet completely misses you.
A merfolk comes into view.
It is wielding a +0 trident and quivering 2 throwing nets.
The faun shoots a sling bullet.
The sling bullet completely misses you. The merfolk barely misses you.
The merfolk is struck by your spines. The merfolk hits you with a +0 trident!
* * * LOW HITPOINT WARNING * * *
The faun shoots a sling bullet.
The sling bullet barely misses you.
A satyr comes into view. It is wielding a +0 club.
The merfolk siren chants its luring song.
Unknown command.
Unknown command.
As you read the scroll of fear, it crumbles to dust.
You assume a fearsome visage.
The faun easily resists.
The centaur looks frightened!
The satyr easily resists.
The faun looks frightened!
The water nymph looks frightened!
The merfolk looks frightened! x2
The merfolk shouts!
The faun looks frightened! x3; The merfolk siren easily resists.
The merfolk looks frightened!
The faun shoots a sling bullet.
The sling bullet barely misses you.
The merfolk cries, "Oh dear!
Oh dear!"
The merfolk is no longer sharing its pain.
The faun is no longer sharing its pain.
The centaur howls in fear.
The faun shoots a sling bullet.
The sling bullet hits you but does no damage.
The merfolk attempts to regain its composure.
The merfolk siren chants its luring song.
The faun shoots a sling bullet.
The sling bullet hits you but does no damage.
Uskayaw links your audience in an emotional bond!
The merfolk siren chants its luring song. x2
The water nymph gestures at you while chanting.
The water swirls and strikes you!!
You die...

~..~≈≈~~~~~~~~~≈~~.#.~~~c~~~~.~..
~.~~≈≈~~~~....~≈~~...~mc~~~~~~~>.
~~~~~≈≈~~~.##c.~~~~.~~~~~~~~~~~~.
~~~~~~~~...c....~~~~~~~≈~~~~~~~~~
~~~~~~~~...#....~~~~~~≈≈~~~~~~~~~
~~~~~~~~.####.~.~)~≈≈≈≈≈≈≈≈≈≈≈~~~
~~~~~~~~..###..~~(~~≈≈≈≈≈≈≈≈
~~~~~~~~.....m.~~~~~~≈≈≈≈≈≈≈
~~~~~~.~†>†.....@~~~~≈≈≈≈≈≈≈
.###)~~.~.........~~~≈≈≈≈≈ .#
#†~~~~~~~...#..~~~≈≈≈≈≈
..##c~~~~~~~~....~~~~≈≈≈≈≈
.....c~~~~..~~~.~~~~~≈≈≈≈≈
~.....~~~~~..~~~~~~~≈≈≈≈≈≈
~~~...~~~~~~~~~~~~~≈≈≈≈≈≈
......~~......~~~~≈≈≈≈≈≈
~~...#.......~.~


You could see a satyr (pain bonded), 2 fauns, a merfolk siren (mesmerising, pain
bonded) and a water nymph (pain bonded).

Vanquished Creatures
  Donald (Shoals:1)
  An orc warlord (Orc:2)
  A reaper (IceCv)
  An eleionoma (Shoals:1)
  Snorg (D:12)
  The ghost of Xavori the Nimble, a journeyman DjCK of Xom (Lair:1)
  A rakshasa (D:11)
  2 demonspawn (Orc:2)
  3 catoblepae (Lair:5)
  3 boulder beetles
  8 two-headed ogres
  4 death yaks (Lair:5)
  A satyr (Shoals:1)
  6 orc high priests (Orc:2)
  A tengu warrior (D:13)
  3 skysharks (Lair:5)
  3 orc knights (Orc:2)
  3 deep elf pyromancers
  4 oklob plants
  4 harpies (Shoals:1)
  8 orc sorcerers (Orc:2)
  4 cyclopes
  A lindwurm (Lair:3)
  2 ugly things
  8 fauns (Shoals:1)
  A kobold blastminer (Orc:2)
  12 elephants
  7 manticores
  A rust devil (Orc:2)
  An ice statue (IceCv)
  4 black mambas
  2 torpor snails (Lair:5)
  A water nymph (Shoals:1)
  11 cane toads
  2 gargoyles (D:11)
  Joseph (D:10)
  Maggie (D:10)
  2 kobold demonologists
  3 rime drakes
  2 unseen horrors
  2 tengu conjurers
  7 komodo dragons
  2 polar bears
  3 merfolk (Shoals:1)
  3 trolls
  A queen bee (Lair:1)
  A wind drake (Shoals:1)
  3 hornets
  A hornet (shapeshifter) (D:12)
  17 blink frogs
  2 ynoxinuls (Orc:2)
  10 slime creatures
  87 yaks
  A vampire (D:12)
  4 water elementals
  2 basilisks
  3 wyverns
  Grum (D:6)
  3 death yak simulacra (IceCv)
  4 steam dragons
  A neqoxec (Orc:2)
  A warg (Orc:2)
  3 harpy simulacra (IceCv)
  3 vampire mosquitoes
  2 nagas (Lair:3)
  6 acid dragons
  18 water moccasins
  27 orc warriors
  An ice beast (D:7)
  A sky beast (D:7)
  6 ogres
  15 wolves
  10 centaurs
  A phantom (D:7)
  3 kobold brigands
  4 gnoll sergeants
  11 bullfrogs
  2 cane toad simulacra (IceCv)
  8 two-headed ogre simulacra
  16 wights
  3 elephant simulacra (IceCv)
  15 killer bees
  11 electric eels
  7 howler monkeys
  2 bombardier beetles
  20 jellies
  15 hounds
  23 orc priests
  A sleepcap (D:6)
  2 gnoll boudas (D:6)
  2 iguanas (D:6)
  Jessica (D:2)
  11 orc wizards
  4 spriggan simulacra (IceCv)
  4 troll simulacra (IceCv)
  2 polar bear simulacra (IceCv)
  2 wolf simulacra (IceCv)
  26 gnolls
  5 adders
  8 naga simulacra
  A shadow imp (D:6)
  6 white imps
  6 ufetubi (IceCv)
  3 dart slugs
  A ribbon worm (D:2)
  60 orcs
  10 endoplasms
  2 giant cockroaches
  5 goblins
  6 hobgoblins
  4 jackals
  A quokka (D:2)
  4 ball pythons
  A bat (D:1)
  4 frilled lizards
  20 kobolds
  3 rats
723 creatures vanquished.

Notes
Turn   | Place    | Note
-------+----------+-------------------------------------------
     0 | D:1      | ragingrage the Demonspawn Reaver began the quest for the
                  | Orb.
     0 | D:1      | Reached XP level 1. HP: 16/16 MP: 3/3
   108 | D:1      | Reached skill level 1 in Necromancy
   251 | D:1      | Gained mutation: You are partially covered in sharp spines.
                  | [demonic ancestry]
   251 | D:1      | Reached XP level 2. HP: 13/22 MP: 5/5
   630 | D:1      | Reached skill level 1 in Short Blades
   630 | D:1      | Reached XP level 3. HP: 21/27 MP: 6/6
  1011 | D:2      | Reached skill level 1 in Stealth
  1051 | D:2      | Noticed Jessica
  1057 | D:2      | Killed Jessica
  1058 | D:2      | Gained mutation: You have a small tail. [demonic ancestry]
  1058 | D:2      | Reached XP level 4. HP: 11/33 MP: 7/7
  1475 | D:3      | Learned a level 2 spell: Momentum Strike
  1770 | D:3      | Found a faded altar of an unknown god.
  1967 | D:3      | Gained mutation: You have a tail ending in a sharp stinger.
                  | [demonic ancestry]
  1967 | D:3      | Reached XP level 5. HP: 38/38 MP: 8/8
  2047 | D:3      | Reached skill level 1 in Translocations
  2157 | D:4      | Noticed an ogre
  2235 | D:4      | Gained mutation: You sometimes gain a little power by
                  | taking damage. [demonic ancestry]
  2235 | D:4      | Reached XP level 6. HP: 44/44 MP: 9/9
  2570 | D:4      | Reached skill level 5 in Short Blades
  2754 | D:4      | Reached XP level 7. HP: 25/50 MP: 10/10
  3076 | D:5      | Entered Level 5 of the Dungeon
  3112 | D:5      | Found Zeerri's Armour Shoppe.
  3115 | D:5      | Bought a +2 helmet of see invisible for 215 gold pieces
  3678 | D:5      | You fall into a shaft and drop 3 floors!
  3710 | D:8      | Noticed a two-headed ogre
  3750 | D:8      | Noticed a steam dragon
  3760 | D:8      | Killed a steam dragon
  3824 | D:8      | Noticed a two-headed ogre
  3839 | D:8      | Killed a two-headed ogre
  3840 | D:8      | Reached XP level 8. HP: 56/56 MP: 11/11
  3859 | D:8      | Noticed a two-headed ogre
  3867 | D:8      | Killed a two-headed ogre
  3868 | D:8      | Reached XP level 9. HP: 61/61 MP: 12/12
  3990 | D:8      | Reached skill level 1 in Evocations
  5024 | D:7      | Found a runed translucent gate.
  5024 | D:7      | Found a runed translucent gate.
  5024 | D:7      | Found a runed translucent gate.
  5025 | D:7      | Noticed lucidstorm14's ghost (novice MiBe)
  5026 | D:7      | Noticed Uzeprotekshun's ghost (novice GrEE)
  5528 | D:7      | Found a bloodstained altar of Trog.
  5528 | D:7      | Found a shadowy altar of Dithmenos.
  5854 | D:6      | Noticed Edmund
  5883 | D:6      | Found a staircase to the Ecumenical Temple.
  5892 | Temple   | Found a transporter.
  5892 | Temple   | Found a transporter.
  5892 | Temple   | Found a transporter.
  5892 | Temple   | Found a transporter.
  5892 | Temple   | Entered the Ecumenical Temple
  5913 | Temple   | Became a worshipper of Uskayaw the Reveller
  5952 | D:6      | Reached * piety under Uskayaw
  5961 | D:6      | Reached ** piety under Uskayaw
  6075 | D:6      | Reached *** piety under Uskayaw
  6076 | D:6      | Reached skill level 1 in Invocations
  6389 | D:6      | Found a shimmering altar of Xom.
  6437 | D:6      | Noticed Grum
  6440 | D:6      | Killed Grum
  6540 | D:6      | Gained mutation: When seriously injured, your blood forms
                  | armour. (AC +12) [demonic ancestry]
  6540 | D:6      | Reached XP level 10. HP: 73/73 MP: 13/13
  6718 | D:6      | Found a sacrificial altar of Ru.
  6721 | D:6      | Found a hazy altar of Hepliaklqana.
  6895 | D:7      | Reached skill level 2 in Invocations
  7022 | D:7      | Reached skill level 5 in Fighting
  7551 | D:7      | Found an opulent altar of Gozag.
  7832 | D:8      | Reached **** piety under Uskayaw
  8168 | D:8      | Killed a two-headed ogre
  8169 | D:8      | Reached skill level 3 in Invocations
  8264 | D:9      | Found a staircase to the Lair.
  8386 | D:9      | Noticed a two-headed ogre
  8400 | D:9      | Killed a two-headed ogre
  8401 | D:9      | Reached skill level 5 in Throwing
  8401 | D:9      | Reached skill level 5 in Dodging
  8401 | D:9      | Reached skill level 4 in Invocations
  8541 | D:9      | Reached skill level 5 in Invocations
  8543 | D:9      | Reached ***** piety under Uskayaw
  8926 | D:9      | Reached skill level 5 in Stealth
  9092 | D:9      | Reached skill level 6 in Invocations
  9316 | D:9      | Reached skill level 7 in Invocations
  9802 | D:10     | Entered Level 10 of the Dungeon
  9826 | D:9      | Reached skill level 8 in Invocations
  9826 | D:9      | Gained mutation: When seriously injured, your blood forms
                  | thick armour. (AC +12) [demonic ancestry]
  9826 | D:9      | Reached XP level 11. HP: 77/78 MP: 15/17
  9859 | D:10     | Noticed a boulder beetle
  9872 | D:10     | Killed a boulder beetle
 10028 | D:10     | Noticed Sonja
 10104 | D:10     | Reached skill level 9 in Invocations
 10104 | D:10     | Noticed Maggie
 10123 | D:10     | Killed Maggie
 10835 | D:10     | Noticed Joseph
 10845 | D:10     | Killed Joseph
 11184 | D:11     | Found Emuex's Pet Rocks.
 11239 | D:11     | Noticed a two-headed ogre
 11262 | D:11     | Killed a two-headed ogre
 11262 | D:11     | Reached ****** piety under Uskayaw
 11263 | D:11     | Reached skill level 10 in Invocations
 11713 | D:11     | Identified the +4 whip of the Desolation of Salt {flame,
                  | rC++ Dex+6}
 11732 | D:11     | Noticed a rakshasa
 11752 | D:11     | Noticed a two-headed ogre
 11754 | D:11     | Noticed a brown ugly thing
 11857 | D:11     | Found a frozen archway.
 11960 | IceCv    | Entered an ice cave
 13164 | IceCv    | Found the +5 scythe "Finisher" {speed, execute}
 13542 | IceCv    | Gained mutation: When seriously injured, your blood forms
                  | very thick armour. (AC +12) [demonic ancestry]
 13542 | IceCv    | Reached XP level 12. HP: 53/91 MP: 20/20
 13713 | IceCv    | Noticed a reaper
 13801 | IceCv    | Killed a reaper
 13802 | IceCv    | Reached skill level 11 in Invocations
 15060 | D:11     | Killed a two-headed ogre
 15090 | D:11     | Found a staircase to the Orcish Mines.
 15979 | D:11     | Found Hugub's Armour Emporium.
 16102 | D:11     | Reached skill level 12 in Invocations
 16840 | D:11     | Killed a rakshasa
 17156 | D:12     | Noticed a boulder beetle
 17174 | D:12     | Killed a boulder beetle
 17584 | Lair:1   | Entered Level 1 of the Lair of Beasts
 17647 | Lair:1   | Noticed Xavori's ghost (journeyman DjCK)
 17687 | Lair:1   | Found a transporter.
 17692 | Lair:1   | Found a transporter.
 17883 | Lair:1   | Reached skill level 13 in Invocations
 17888 | Lair:1   | Gained mutation: Your magical and physical power is
                  | slightly enhanced at high health. [demonic ancestry]
 17888 | Lair:1   | Reached XP level 13. HP: 89/98 MP: 22/22
 18762 | Lair:1   | Reached skill level 10 in Fighting
 19113 | Lair:2   | Found a blossoming altar of Fedhas.
 19939 | Lair:3   | Found a staircase to the Shoals.
 20996 | Lair:3   | Found a staircase to the Snake Pit.
 21017 | Lair:3   | Reached skill level 5 in Evocations
 21528 | Lair:4   | Reached skill level 14 in Invocations
 21801 | Lair:4   | Learned a level 3 spell: Passwall
 21805 | Lair:4   | Learned a level 3 spell: Swiftness
 21846 | Lair:4   | Reached XP level 14. HP: 76/114 MP: 24/24
 21988 | Lair:4   | Found a staircase to the Slime Pits.
 21995 | Lair:4   | Found a viscous altar of Jiyva.
 22570 | Lair:5   | Entered Level 5 of the Lair of Beasts
 23188 | Lair:5   | Reached skill level 15 in Invocations
 23429 | Lair:5   | Found a runed translucent door.
 23430 | Lair:5   | Found a shimmering altar of Xom.
 23430 | Lair:5   | Noticed dcgrp's ghost (journeyman DrCj)
 23540 | Lair:5   | Identified the +8 great sword "Guopoi" {chaos, Will+}
 24261 | Lair:5   | Reached skill level 16 in Invocations
 24317 | Lair:5   | Identified the ring of the Everdark {MP+9 Str+5}
 24729 | D:10     | Sonja changed into Sonja the steam dragon
 24729 | D:10     | Noticed Sonja
 24736 | D:10     | Killed Sonja the steam dragon
 25493 | D:12     | Identified the +8 chain mail "Xiory" {Str+2 Slay+2}
 25863 | D:13     | Noticed Snorg
 25875 | D:12     | Killed Snorg
 25990 | D:13     | Reached skill level 1 in Armour
 26197 | D:13     | Noticed Erolcha
 26310 | D:13     | Noticed Rupert
 26372 | Orc:1    | Entered Level 1 of the Orcish Mines
 27109 | Orc:2    | Entered Level 2 of the Orcish Mines
 27111 | Orc:2    | Found an iron altar of Okawaru.
 27218 | Orc:2    | Found a staircase to the Elven Halls.
 27227 | Orc:2    | Reached skill level 17 in Invocations
 27278 | Orc:2    | Found Gaeckylu's Distillery.
 27286 | Orc:2    | Found Atup's General Store.
 27298 | Orc:2    | Gained mutation: You are agile. (Dex +4, Str/Int -1) [a
                  | neqoxec]
 27522 | Orc:2    | Bought 2 potions of heal wounds for 170 gold pieces
 27522 | Orc:2    | Bought a potion of resistance for 170 gold pieces
 27522 | Orc:2    | Bought a potion of enlightenment for 85 gold pieces
 27522 | Orc:2    | Bought a potion of mutation for 136 gold pieces
 27548 | Orc:2    | Bought a condenser vane for 520 gold pieces
 27586 | Orc:2    | Reached XP level 15. HP: 113/120 MP: 27/27
 28395 | Orc:2    | Reached skill level 5 in Armour
 28686 | Orc:2    | Reached skill level 18 in Invocations
 28820 | Orc:2    | Paralysed by an orc sorcerer for 2 turns
 28833 | Orc:2    | Found Hyn Cec's Antique Armour Boutique.
 28833 | Orc:2    | Found a one-way gate leading to the halls of Pandemonium.
 28833 | Orc:2    | Found Oplalov's Book Shop.
 29186 | Lair:1   | Killed Xavori's ghost
 29352 | Shoals:1 | Entered Level 1 of the Shoals
 29636 | Shoals:1 | Noticed Donald
 29646 | Shoals:1 | Killed Donald
 29857 | Shoals:1 | Killed from afar by a water nymph

Illustrated notes

Levels and vault maps discovered:
D:1:      dpeg_arrival_arbitrary_b, layout_rooms
D:2:      layout_rooms, uniq_jessica
D:3:      layout_basic, ebering_ecumenical_altar_hall
D:4:      layout_rooms
D:5:      layout_gridville, serial_shops, nicolae_shop_window_shopping
D:6:      layout_cave_pools, kennysheep_mini_moat, minitemple,
          minmay_temple_entry_mini_moons, serial_gnoll_camp,
          gnoll_camp_mini_loothouse, gnoll_camp_mini_basic,
          gnoll_camp_mini_doghouse, gnoll_camp_mini_hut, gnoll_camp_mini_basic,
          grums_kennel, chequers_garden, kennysheep_small_square, uniq_edmund
D:7:      layout_basic, gammafunk_temple_overflow_elements,
          grunt_gozag_breadcrumbs, jmf_multi_god_temple2,
          gammafunk_ghost_cemetery
D:8:      layout_loops_corners
D:9:      layout_stronghold, erik_lair_island
D:10:     layout_irregular_city, minmay_hedge_maze, nzn_sisyphean_effort,
          uniq_maggie, uniq_joseph, uniq_sonja
D:11:     regret_index_early_branch_jog, layout_gridville,
          portal_ice_cave_entry_ice_simulacra, guppyfry_shop_earth
D:12:     layout_basic, minivault_25
D:13:     layout_cave_pools, ximxim_vaults_locker_room, uniq_erolcha,
          uniq_rupert, uniq_snorg
Temple:   hellmonk_temple_divided_pantheon
Lair:1:   layout_roguey, gammafunk_ghost_hive, serial_bayou_lagoon_a
Lair:2:   layout_cave_shapes, hangedman_tree_tricks, grunt_megastairs_2
Lair:3:   layout_small_grid, mainiacjoe_shoals_entry_four_pools,
          guppyfry_snake_entry_island, serial_bayou_crossing
Lair:4:   layout_regular_city, minmay_slime_entry_jelly_boxes
Lair:5:   evilmike_catoblepas_cave, layout_loops_ring, ebering_ghost_xom,
          nicolae_lair_lindhole
Shoals:1: layout_shoals, nicolae_shoals_enchanted_isle, uniq_donald
Orc:1:    layout_diamond_mine, mines3_lemuel
Orc:2:    pf_orc_diabolical, layout_diamond_mine, okawaru_metal_pillars_3

Skill      XL: |  1  2  3  4  5  6  7  8  9 10 11 12 13 14 15 |
---------------+----------------------------------------------+-----
Necromancy     | 1 2 |  2.0
Long Blades    | 3 |  3.0
Short Blades   | 1 2 4 5 8 9 |  9.7
Stealth        | 1 2 5 6 9 |  9.0
Translocations | 1 |  1.0
Throwing       | 2 4 6 |  6.0
Dodging        | 2 4 5 6 8 9 |  9.0
Evocations     | 3 5 9 |  9.0
Fighting       | 4 5 7 8 11 12 | 12.0
Invocations    | 1 8 10 13 14 17 18 | 18.0
Armour         | 3 8 |  8.6
Spellcasting   | |  2.0
Conjurations   | |  3.0

Action                     |  1- 3 |  4- 6 |  7- 9 | 10-12 | 13-15 || total
---------------------------+-------+-------+-------+-------+-------++-------
  Melee: Falchion          |    18 |       |       |       |       ||    18
         Short sword       |    29 |    72 |   235 |   714 |  1090 ||  2140
         Tailslap          |       |     8 |    32 |   142 |   236 ||   418
         Punch             |       |       |     4 |    14 |    12 ||    30
         Great sword       |       |       |       |     6 |       ||     6
  Throw: Dart              |       |    12 |    27 |    34 |    21 ||    94
         Boomerang         |       |       |     9 |    43 |     3 ||    55
   Cast: Momentum Strike   |       |     1 |     1 |     1 |       ||     3
 Invoke: Grand Finale      |       |       |       |       |     5 ||     5
  Evoke: Wand              |       |       |       |    13 |    11 ||    24
         Condenser vane    |       |       |       |       |     1 ||     1
    Use: Scroll            |       |       |    10 |     5 |    11 ||    26
         Potion            |       |       |       |     5 |     3 ||     8
   Stab: Sleeping          |       |     1 |     1 |    11 |    14 ||    27
         Paralysed         |       |       |     1 |    46 |    98 ||   145
         Distracted        |       |       |       |     1 |     2 ||     3
         Invisible         |       |       |       |     1 |       ||     1
 Armour: Leather armour    |    23 |    20 |    16 |       |       ||    59
         Steam dragon scal |       |       |    54 |    62 |       ||   116
         Acid dragon scale |       |       |       |   284 |   207 ||   491
         Chain mail        |       |       |       |       |   266 ||   266
  Dodge: Dodged            |    20 |    33 |   115 |   337 |   542 ||  1047

Table legend: (Time is in decaauts)
 A = Elapsed time spent in this place.
 B = Non-inter-level travel time spent in this place.
 C = Inter-level travel time spent in this place.
 D = Time resting spent in this place.
 E = Time spent auto-exploring this place.
 F = Levels seen in this place.
 G = Mean time per level.
                   A        B        C        D        E       F      G
               +--------+--------+--------+--------+--------+-----+--------+
         Total |  28928 |  27447 |   1481 |   7255 |  14982 |  23 | 1257.7 |
       Dungeon |  16307 |  15305 |   1002 |   4102 |   8271 |  13 | 1254.4 |
        Temple |     32 |     25 |      7 |      0 |      0 |   1 |   32.0 |
          Lair |   7059 |   6696 |    363 |    965 |   4668 |   5 | 1411.8 |
        Shoals |    447 |    445 |      2 |    153 |    134 |   1 |  447.0 |
  Orcish Mines |   2536 |   2431 |    105 |    554 |   1407 |   2 | 1268.0 |
      Ice Cave |   2545 |   2545 |      0 |   1480 |    500 |   1 | 2545.0 |
               +--------+--------+--------+--------+--------+-----+--------+

Top non-repeatable levels by time:
   IceCv: 2545 daAuts
    D:11: 2540 daAuts
    D:10: 2176 daAuts
  Lair:5: 1853 daAuts
    D:12: 1729 daAuts
   Orc:2: 1713 daAuts
  Lair:3: 1664 daAuts
     D:8: 1649 daAuts
     D:7: 1620 daAuts
     D:9: 1582 daAuts
  Lair:1: 1494 daAuts
  Lair:4: 1176 daAuts
     D:6: 1132 daAuts
     D:2: 884 daAuts
  Lair:2: 871 daAuts
